 Dungeon Crawl Stone Soup version 0.30-a0-996-ga6910c8ee8 (webtiles) character file.

Game seed: 17211273513028245911

1971 xian the Chopper (level 9, 0/82 HPs)
             Began as a Naga Berserker on Apr 4, 2023.
             Was an Elder of Trog.
             Slain by a sleepcap (4 damage)
             ... on level 6 of the Dungeon.
             The game lasted 00:16:51 (5865 turns).

xian the Chopper (Naga Berserker)                   Turns: 5865, Time: 00:16:52

Health: 0/82       AC:  8    Str: 24    XL:     9   Next: 20%
Magic:  9/9        EV:  9    Int:  8    God:    Trog [****..]
Gold:   338        SH:  0    Dex: 10    Spells: 8/8 levels left

rFire   x . .      SeeInvis +    o - +1 hand axe (heavy)
rCold   + . .      Faith    .    (no shield)
rNeg    + . .      Spirit   .    n - +0 scale mail
rPois   +          Reflect  .    (no helmet)
rElec   .          Rampage  .    f - scarf {repulsion}
rCorr   .                        e - +0 pair of gloves
Will    +....                    (no barding) Stlth
                                 (no amulet)
HPRegen 0.33/turn                z - ring of ice
MPRegen 0.11/turn                A - ring of positive energy

@: on berserk cooldown, flying, repel missiles, very slow
A: AC +3, large, see invisible, deformed body, poison resistance, slowness 2,
spit poison 1, naga tail 1
a: Spit Poison, Renounce Religion, Berserk, Trog's Hand, Brothers in Arms


You were on level 6 of the Dungeon.
You worshipped Trog.
Trog was greatly pleased with you.
You visited 1 branch of the dungeon, and saw 7 of its levels.
You also visited: Sewer.

You collected 338 gold pieces.

Inventory:

Hand Weapons
 o - a +1 heavy hand axe (weapon)
Missiles
 d - 47 stones
 j - 3 datura-tipped darts
Armour
 e - a +0 pair of gloves (worn)
 f - a scarf of repulsion (worn)
 n - a +0 scale mail (worn)
Jewellery
 z - a ring of ice (left hand)
 A - a ring of positive energy (right hand)
Wands
 c - a wand of paralysis (9)
 r - a wand of mindburst (17)
Scrolls
 i - 2 scrolls of fog
 l - 2 scrolls of poison
 p - a scroll of silence
 t - 2 scrolls of vulnerability
 v - 2 scrolls of teleportation
 w - a scroll of fear
 y - 2 scrolls of brand weapon
 B - a scroll of noise
Potions
 b - a potion of cancellation {unknown}
 g - 2 potions of curing
 h - a potion of berserk rage
 k - a potion of ambrosia {unknown}
 m - 4 potions of flight
 q - 3 potions of attraction {unknown}
 s - a potion of degeneration {unknown}
 u - 4 potions of heal wounds
 x - a potion of haste {unknown}
 C - a potion of magic {unknown}
 D - a potion of lignification {unknown}


   Skills:
 + Level 6.2 Fighting
 + Level 7.3 Axes
 + Level 5.8 Armour
 + Level 3.3 Dodging
 + Level 2.3 Stealth


You had 8 spell levels left.
You didn't know any spells.
Your spell library contained the following spells:

 Spells                   Type           Power      Damage    Failure   Level
 Slow                     Hex            0%         N/A       69%         1
 Summon Small Mammal      Summ           0%         N/A       69%         1
 Ensorcelled Hibernation  Hex/Ice        0%         N/A       83%         2
 Passwall                 Tmut/Erth      0%         N/A       83%         2
 Sublimation of Blood     Necr           0%         N/A       83%         2
 Wereblood                Tmut           0%         N/A       83%         2
 Call Canine Familiar     Summ           0%         N/A       96%         3
 Confusing Touch          Hex            0%         N/A       96%         3
 Dazzling Flash           Conj/Hex       0%         N/A       96%         3
 Hailstorm                Conj/Ice       0%         3d3       96%         3
 Ignite Poison            Fire/Tmut/Pois 0%         N/A       96%         3
 Kindle Blastsparks       Fire/Tloc/Air  0%         2d10      96%         3
 Summon Guardian Golem    Hex/Summ       0%         N/A       96%         3
 Swiftness                Air            0%         N/A       96%         3
 Vampiric Draining        Necr           0%         2d6       96%         3
 Ice Form                 Ice/Tmut       0%         N/A       100%        4
 Iskenderun's Mystic Bla  Conj/Tloc      0%         2d3       100%        4
 Freezing Cloud           Conj/Ice/Air   0%         6-21      100%        5
 Simulacrum               Ice/Necr       0%         N/A       100%        6
 Starburst                Conj/Fire      0%         6d3       100%        6
 Summon Hydra             Summ           0%         N/A       100%        7


Dungeon Overview and Level Annotations

Branches:
Dungeon (7/15)             Temple (0/1) D:7           Sewer (visited)

Altars:
Ashenzari
Dithmenos
Hepliaklqana
Nemelex Xobeh
Okawaru
Ru
Trog
Wu Jian
The Shining One

Shops:
D:5 *


Innate Abilities, Weirdness & Mutations

Your serpentine skin is tough. (AC +3)
You have supernaturally acute eyesight. (SInv)
Armour fits poorly on your strangely shaped body.
Your system is resistant to poisons. (rPois)
You cover ground very slowly.
You can spit poison.
You have a snake-like lower body.


Message History

* * * LOW HITPOINT WARNING * * *
The hound stops to sniff the ground.
The hound bites you.
* * * LOW HITPOINT WARNING * * *
It was a potion of flight.
You feel very buoyant.
You fly up into the air.
The hound barely misses you. x2
The hound misses you.
It was a potion of heal wounds.
You feel much better. The hound closely misses you.
The hound barely misses you.
You closely miss the hound.
The hound is almost dead.
The hound bites you. The hound bites you but does no damage.
The hound completely misses you.
You slash the hound!
You kill the hound!
Trog accepts your kill.
You feel yourself speed up. The sleepcap completely misses you.
The sleepcap releases spores at you.
* * * LOW HITPOINT WARNING * * *
You are engulfed in a cloud of soporific spores!
You fall asleep.
The sleepcap releases spores at you!
You wake up.
* * * LOW HITPOINT WARNING * * *
You hit the sleepcap.
The sleepcap is lightly damaged.
The sleepcap releases spores at you but does no damage.
You hit the sleepcap.
The sleepcap is moderately damaged.
The sleepcap releases spores at you.
* * * LOW HITPOINT WARNING * * *
You hit the sleepcap.
The sleepcap is heavily damaged.
The sleepcap releases spores at you but does no damage.
The sleepcap releases spores at you.
* * * LOW HITPOINT WARNING * * *
You slash the sleepcap!
The sleepcap is severely damaged.
The sleepcap releases spores at you.
You die...

# #.......# #.#.# #..###..#
#.#.# #..# #..####### #.#.#
#..# #...><...# #.#.# #..#
##.#####.# #.#.. #######..#
#.# #.# #.#.. .........#
##.#####.##### #.#..
######..## #.#...##.....#
#.#.. # #.##
##.##@######.#####....
######.#########f# #..)......#
................># #######..##
)#####.########..# #..## )#
#.########.[############....
[#
###.#.........................
##
#...#.#####################.#.
# #.###.# #.#. ####.###.#
############.#.


You could see a sleepcap.

Vanquished Creatures
  A steam dragon (D:7)
  A water moccasin (D:7)
  An ice beast (D:5)
  A sky beast (D:6)
  Pargi (Sewer)
  3 centaurs
  An ogre (D:6)
  A phantom (D:4)
  A bullfrog (D:6)
  A scorpion (D:6)
  3 orc priests
  2 gnoll boudas
  3 hounds
  2 jellies (D:6)
  A sleepcap (D:4)
  2 iguanas
  4 orc wizards
  Natasha (thrice) (D:3)
  Robin (D:3)
  14 gnolls
  7 adders
  A shadow imp (D:7)
  2 white imps (D:5)
  An ufetubus (D:5)
  A worm (D:2)
  5 dart slugs
  12 orcs
  5 ball pythons
  6 bats
  6 endoplasms
  12 giant cockroaches
  13 goblins
  14 hobgoblins
  10 jackals
  8 kobolds
  6 quokkas
  3 frilled lizards
  9 rats
168 creatures vanquished.

Notes
Turn   | Place    | Note
-------+----------+-------------------------------------------
     0 | D:1      | xian the Naga Berserker began the quest for the Orb.
     0 | D:1      | Reached XP level 1. HP: 21/21 MP: 1/1
   110 | D:1      | Reached XP level 2. HP: 28/28 MP: 2/2
   500 | D:1      | Reached XP level 3. HP: 28/34 MP: 3/3
  1480 | D:3      | Noticed Natasha
  1486 | D:3      | Killed Natasha
  1487 | D:3      | Reached skill level 4 in Axes
  1487 | D:3      | Reached XP level 4. HP: 44/44 MP: 4/4
  1557 | D:3      | Found a sacrificial altar of Ru.
  1610 | D:3      | Reached ** piety under Trog
  1713 | D:3      | Reached XP level 5. HP: 50/50 MP: 5/5
  1770 | D:3      | Noticed Natasha
  1777 | D:3      | Killed Natasha
  1778 | D:3      | Reached skill level 1 in Stealth
  1970 | D:3      | Found an iron altar of Okawaru.
  1972 | D:3      | Found a glowing golden altar of the Shining One.
  1974 | D:3      | Found a hazy altar of Hepliaklqana.
  1974 | D:3      | Found a shadowy altar of Dithmenos.
  1975 | D:3      | Found a sparkling altar of Nemelex Xobeh.
  1977 | D:3      | Found a bloodstained altar of Trog.
  1987 | D:3      | Noticed Robin
  1989 | D:3      | Reached XP level 6. HP: 45/57 MP: 6/6
  2005 | D:3      | Killed Robin
  2136 | D:3      | Found a broken altar of Ashenzari.
  2232 | D:3      | Noticed Natasha
  2242 | D:3      | Killed Natasha
  2243 | D:3      | Reached skill level 5 in Axes
  2477 | D:4      | Reached XP level 7. HP: 66/66 MP: 7/7
  2592 | D:4      | Reached *** piety under Trog
  3227 | D:5      | Entered Level 5 of the Dungeon
  3317 | D:5      | Reached skill level 6 in Axes
  3594 | D:5      | Found a glowing drain.
  3621 | Sewer    | Entered a sewer
  3649 | Sewer    | Noticed Pargi
  3665 | Sewer    | Killed Pargi
  3666 | Sewer    | Reached skill level 5 in Fighting
  3817 | D:5      | Found Quatuk's Assorted Antiques.
  3837 | D:5      | Reached XP level 8. HP: 29/74 MP: 8/8
  4865 | D:6      | Found an ornate altar of the Wu Jian Council.
  4879 | D:6      | Reached **** piety under Trog
  5197 | D:6      | Reached skill level 5 in Armour
  5580 | D:6      | Reached skill level 7 in Axes
  5799 | D:7      | Reached XP level 9. HP: 57/82 MP: 9/9
  5856 | D:6      | HP: 3/82 [hound (5)]
  5856 | D:6      | HP: 1/82 [hound (2)]
  5864 | D:6      | HP: 3/82 [sleepcap (4)]
  5865 | D:6      | Slain by a sleepcap

Illustrated notes

Levels and vault maps discovered:
D:1:      onia_arrival_mini_maze, layout_rooms
D:2:      layout_loops_cross, kennysheep_pointless_box
D:3:      layout_basic, mainiacjoe_overflow_tiny_flanked,
          grunt_temple_overflow_open, nicolae_overflow_crystal_walls,
          uniq_natasha, uniq_robin
D:4:      layout_gridville
D:5:      layout_loops_ring, serial_shops, nicolae_square_shop,
          gup_sewer_entry_pipe, hangedman_decor_lopped,
          kennysheep_cross_bottleneck, nrook_mini_vaults
D:6:      layout_loops_ring, mainiacjoe_overflow_concentric_impassable
D:7:      layout_loops_ring, grunt_temple_overflow_order_and_chaos_2,
          lemuel_doored_altar, kennysheep_mini_moat,
          minmay_temple_entry_offerings, enter_bailey_2, serial_glass,
          glass_columns_a, glass_columns_b, serial_shops, shop

Skill      XL: |  1  2  3  4  5  6  7  8 |
---------------+-------------------------+-----
Axes           | 4 5 6 7 |  7.3
Dodging        | 2 3 |  3.3
Armour         | 2 3 4 5 |  5.8
Stealth        | 1 2 |  2.3
Fighting       | 4 5 6 |  6.2

Action                     |  1- 3 |  4- 6 |  7- 9 || total
---------------------------+-------+-------+-------++-------
  Melee: Hand axe          |    68 |   104 |   250 ||   422
         Punch             |       |     1 |     2 ||     3
 Invoke: Berserk           |     2 |     3 |     6 ||    11
Ability: Spit Poison       |    22 |    10 |    12 ||    44
    Use: Scroll            |       |       |    11 ||    11
         Potion            |       |       |     3 ||     3
 Armour: Animal skin       |     9 |       |       ||     9
         Scale mail        |    11 |    63 |   220 ||   294
  Dodge: Dodged            |    36 |    60 |   197 ||   293
         Repelled          |       |     1 |     5 ||     6

Table legend: (Time is in decaauts)
 A = Elapsed time spent in this place.
 B = Non-inter-level travel time spent in this place.
 C = Inter-level travel time spent in this place.
 D = Time resting spent in this place.
 E = Time spent auto-exploring this place.
 F = Levels seen in this place.
 G = Mean time per level.
                   A        B        C        D        E       F      G
               +--------+--------+--------+--------+--------+-----+--------+
         Total |   7597 |   7345 |    252 |      0 |   5306 |   8 |  949.6 |
       Dungeon |   7374 |   7122 |    252 |      0 |   5207 |   7 | 1053.4 |
         Sewer |    222 |    222 |      0 |      0 |     98 |   1 |  222.0 |
               +--------+--------+--------+--------+--------+-----+--------+

Top non-repeatable levels by time:
     D:5: 1745 daAuts
     D:6: 1312 daAuts
     D:3: 1277 daAuts
     D:2: 1062 daAuts
     D:4: 1026 daAuts
     D:1: 850 daAuts
   Sewer: 222 daAuts
     D:7: 100 daAuts
